 Dungeon Crawl Stone Soup version 0.31-a0-844-gdc52ec4e09 (webtiles) character file.

Game seed: 4606124681483283014

1183 Kurtz the Cleaver (level 8, -11/54 HPs)
             Began as an Octopode Fighter on Sept 30, 2023.
             Was an Initiate of Gozag.
             Mangled by an orc warrior
             ... wielding a +0 halberd
              (16 damage)
             ... on level 7 of the Dungeon.
             The game lasted 00:04:32 (5157 turns).

Kurtz the Cleaver (Octopode Fighter)                Turns: 5157, Time: 00:04:32

Health: -11/54     AC:  1    Str: 15    XL:     8   Next: 42%
Magic:  8/8        EV: 14    Int: 11    God:    Gozag
Gold:   313        SH:  4    Dex: 13    Spells: 7/7 levels left

rFire   . . .        a - +0 war axe
rCold   . . .        b - +0 buckler
rNeg    . . .        (helmet restricted)
rPois   +            (no amulet)
rElec   .            p - ring of poison resistance
rCorr   .            (no ring)
SInv    .            (no ring)
Will    .....        (no ring)
Stlth   ++++         (no ring)
HPRegen 0.29/turn    (no ring)
MPRegen 0.11/turn    (no ring)
                     (no ring)

%: no passive effects
@: mighty, gold aura
A: almost no armour, amphibious, 8 rings, camouflage 1, gelatinous body 1,
(nimble swimmer 1), tentacles
a: Renounce Religion, Potion Petition, Call Merchant, Bribe Branch


You were on level 7 of the Dungeon.
You worshipped Gozag.
Gozag was aware of your devotion.
You visited 2 branches of the dungeon, and saw 8 of its levels.

You collected 345 gold pieces.
You paid 32 gold pieces to Gozag.

Inventory:

Hand Weapons
 a - a +0 war axe (weapon)
Missiles
 k - 17 poisoned darts (quivered)
 o - 4 curare-tipped darts
Armour
 b - a +0 buckler (worn)
Jewellery
 p - a ring of poison resistance (left tentacle)
 v - a ring of magical power
Wands
 r - a wand of iceblast (2)
Scrolls
 f - 2 scrolls of immolation {unknown}
 g - 3 scrolls of fog {unknown}
 h - a scroll of fear {unknown}
 i - 7 scrolls of identify {unknown}
 l - 2 scrolls of enchant armour {unknown}
 u - a scroll of teleportation {unknown}
 x - a scroll of noise {unknown}
Potions
 d - 2 potions of degeneration {unknown}
 e - a potion of mutation {unknown}
 j - 3 potions of curing {unknown}
 m - 2 potions of heal wounds {unknown}
 n - 2 potions of ambrosia {unknown}
 q - a potion of attraction {unknown}
 s - a potion of cancellation {unknown}
 t - 2 potions of enlightenment {unknown}
 w - a potion of brilliance {unknown}


   Skills:
 * Level 4.1 Fighting
 * Level 8.1 Axes
 * Level 4.4 Dodging
 * Level 5.2 Stealth
 - Level 3.0 Shields


You had 7 spell levels left.
You didn't know any spells.
Your spell library contained the following spells:

 Spells                   Type           Power      Damage    Failure   Level
 Magic Dart               Conj           0%         1d3       43%         1
 Sandblast                Erth           0%         2d4       43%         1
 Call Imp                 Summ           0%         N/A       56%         2
 Passwall                 Tmut/Erth      0%         N/A       56%         2
 Scorch                   Fire           0%         2d5       56%         2
 Dazzling Flash           Conj/Hex       0%         N/A       80%         3
 Mephitic Cloud           Conj/Pois/Air  0%         N/A       80%         3
 Stone Arrow              Conj/Erth      0%         3d7       80%         3
 Volatile Blastmotes      Fire/Tloc      0%         2d10      80%         3
 Brom's Barrelling Bould  Conj/Erth      0%         2d3       99%         4
 Flame Wave               Conj/Fire      0%         2d4       99%         4
 Starburst                Conj/Fire      0%         6d3       100%        6
 Summon Cactus Giant      Summ           0%         N/A       100%        6
 Maxwell's Capacitive Co  Air            0%         ∞         100%        8


Dungeon Overview and Level Annotations

Branches:
Dungeon (7/15)             Temple (1/1) D:4

Altars:
Cheibriados
Elyvilon
Fedhas
Gozag
Hepliaklqana
Kikubaaqudgha
Makhleb
Okawaru
Ru
Sif Muna
Uskayaw
Vehumet
Wu Jian
Xom
Yredelemnul
The Shining One

Annotations:
D:4 exclusion: 2 killer bees


Innate Abilities, Weirdness & Mutations

You cannot wear most types of armour.
You are amphibious.
You can wear up to eight rings at the same time.
Your skin changes colour to match your surroundings (Stealth+).
Your rubbery body absorbs attacks. (AC +1, EV +1)
((You are camouflaged when in or above water. (Stealth+)))
You have tentacles for arms and can constrict up to eight enemies at once.


Message History

k - 17 poisoned darts (gained 1)
An orc warrior comes into view. It is wielding a +0 halberd.
The orc warrior shouts! x2
The orc warrior completely misses you.
Unknown command.
You hit the orc warrior. You grab the orc warrior.
You squeeze the orc warrior, but do no damage.
The orc warrior is moderately wounded.
You constrict the orc warrior.
The orc warrior hits you with a +0 scimitar!
Unknown command.
You slash the orc warrior!
You squeeze the orc warrior, but do no damage.
The orc warrior is almost dead.
You constrict the orc warrior, but do no damage.
The orc warrior hits you with a +0 scimitar!
Unknown command.
You barely miss the orc warrior.
The orc warrior is almost dead.
You constrict the orc warrior, but do no damage.
The orc warrior hits you with a +0 scimitar!
Unknown command.
Unknown command.
You feel very mighty all of a sudden.
You constrict the orc warrior.
You kill the orc warrior!
The orc warrior closely misses you.
Your Stealth skill increases to level 5!
Things that are here:
6 gold pieces; a +0 scimitar; a +0 plate armour Unknown command.
The orc warrior hits you with a +0 halberd!
* * * LOW HITPOINT WARNING * * *
Unknown command.
Okay, then.
You closely miss the orc warrior. Your grab misses the orc warrior.
You block the orc warrior's attack.
The orc warrior hits you with a +0 halberd!
You die...
Your body crumbles into a pile of gold.

#..##.##.#... .#
#.###.##...#....
#.# #.##.#.#.#.
#.# #....#.... #.#
#.##.#.#.
#.###.##....
#.....##.#.#
#..##.##.#$##.###
#..##....@........
###...#.#o#####.##
#...#...# #
###.###.#####.#
#..........
###......##
#....<.# #......#
#......#


You could see an orc warrior.

Vanquished Creatures
  A steam dragon (D:6)
  A water moccasin (D:5)
  An orc warrior (D:7)
  2 ogres
  A phantom (D:4)
  A bullfrog (D:7)
  2 scorpions
  A killer bee (D:4)
  A jelly (D:7)
  3 hounds
  A sleepcap (D:4)
  An iguana (D:4)
  An orc wizard (D:3)
  4 gnolls (D:6)
  7 adders
  A shadow imp (D:5)
  A worm (D:2)
  2 dart slugs
  10 orcs
  8 endoplasms
  10 giant cockroaches
  2 goblins (D:3)
  2 hobgoblins
  4 jackals (D:4)
  2 quokkas
  13 ball pythons
  6 bats
  6 kobolds
  9 rats
104 creatures vanquished.

Notes
Turn   | Place    | Note
-------+----------+-------------------------------------------
     0 | D:1      | Kurtz the Octopode Fighter began the quest for the Orb.
     0 | D:1      | Reached XP level 1. HP: 16/16 MP: 1/1
    36 | D:1      | Reached XP level 2. HP: 15/21 MP: 2/2
   258 | D:1      | Reached skill level 3 in Axes
   617 | D:2      | Reached XP level 3. HP: 17/26 MP: 3/3
   772 | D:2      | Reached skill level 4 in Axes
   881 | D:2      | Reached XP level 4. HP: 28/31 MP: 4/4
  1481 | D:3      | Found a sacrificial altar of Ru.
  1686 | D:3      | Found a faded altar of an unknown god.
  1893 | D:3      | Reached skill level 5 in Axes
  1893 | D:3      | Reached XP level 5. HP: 32/36 MP: 5/5
  2289 | D:3      | Found a hazy altar of Hepliaklqana.
  2537 | D:4      | Found a staircase to the Ecumenical Temple.
  2552 | Temple   | Entered the Ecumenical Temple
  2601 | Temple   | Became a worshipper of Gozag Ym Sagoz the Greedy
  2663 | D:4      | Reached skill level 6 in Axes
  2663 | D:4      | Reached XP level 6. HP: 24/42 MP: 6/6
  3117 | D:4      | Identified the +8 falchion "Itewekk" {freeze, +Blink rPois
                  | MP-9 Dex+3}
  3293 | D:4      | Reached skill level 1 in Stealth
  3425 | D:4      | Found a shimmering blue altar of Sif Muna.
  3425 | D:4      | Found an ancient bone altar of Kikubaaqudgha.
  3427 | D:4      | Found a radiant altar of Vehumet.
  3445 | D:4      | Reached XP level 7. HP: 25/46 MP: 7/7
  3759 | D:5      | Entered Level 5 of the Dungeon
  3935 | D:5      | Reached skill level 7 in Axes
  4409 | D:5      | Found a blossoming altar of Fedhas.
  4594 | D:6      | Noticed a steam dragon
  4862 | D:6      | Killed a steam dragon
  4863 | D:6      | Reached XP level 8. HP: 54/54 MP: 8/8
  5071 | D:7      | Reached skill level 8 in Axes
  5155 | D:7      | Reached skill level 5 in Stealth
  5157 | D:7      | Mangled by an orc warrior

Illustrated notes

Levels and vault maps discovered:
D:1:      minmay_arrival_radiant_lines, layout_basic, minmay_misc_feat_doors
D:2:      minmay_roachtagon, layout_basic, nicolae_kite_square_tiling_tiny,
          amethyst_killhole, kennysheep_generic_room_10
D:3:      layout_basic, nicolae_ru_sacrificial_ziggurat,
          mainiacjoe_overflow_alcove_2, nicolae_ecumenical_oubliette,
          minmay_fractal_squares_gapless_5
D:4:      layout_basic, grunt_temple_overflow_magic_moments,
          minmay_temple_entry_arrows, dk_noncrumbling_4
D:5:      layout_basic, nemelex_diamond_rough_becter,
          fedhas_altar_decomposition, small_statue_intersection,
          small_statue_alley_b, kennysheep_small_spiral, kennysheep_flooded_box,
          dk_vineyard_2, nicolae_grassy_gnolls
D:6:      dreamdust_elfheim, layout_basic, mainiacjoe_overflow_brackets,
          hangedman_abyss_or_decor_jellyfish_corner, minivault_22, uniq_edmund
D:7:      layout_rooms, lemuel_doored_altar, nicolae_overflow_hidden_temple,
          minmay_diced_spiral
Temple:   cyrus_temple_forest

Skill      XL: |  1  2  3  4  5  6  7  8 |
---------------+-------------------------+-----
Axes           | 3 4 5 6 7 8 |  8.1
Stealth        | 1 4 5 |  5.2
Dodging        | 4 |  4.4
Fighting       | 4 |  4.1
Shields        | |  3.0

Action                     |  1- 3 |  4- 6 |  7- 9 || total
---------------------------+-------+-------+-------++-------
  Melee: War axe           |    52 |   119 |    47 ||   218
         Constrict         |    13 |    24 |    11 ||    48
         Tentacles         |     8 |    16 |    13 ||    37
         Punch             |       |     3 |     1 ||     4
  Throw: Dart              |       |       |     6 ||     6
  Evoke: Wand              |       |       |     5 ||     5
    Use: Potion            |       |       |     1 ||     1
   Stab: Sleeping          |     1 |    10 |     3 ||    14
         Distracted        |       |     1 |     1 ||     2
 Armour: Skin              |    26 |    55 |    35 ||   116
  Dodge: Dodged            |    44 |    74 |    32 ||   150
  Block: Buckler           |     9 |    22 |     7 ||    38

Table legend: (Time is in decaauts)
 A = Elapsed time spent in this place.
 B = Non-inter-level travel time spent in this place.
 C = Inter-level travel time spent in this place.
 D = Time resting spent in this place.
 E = Time spent auto-exploring this place.
 F = Levels seen in this place.
 G = Mean time per level.
                   A        B        C        D        E       F      G
               +--------+--------+--------+--------+--------+-----+--------+
         Total |   5218 |   4875 |    343 |    931 |   3021 |   8 |  652.2 |
       Dungeon |   5127 |   4825 |    302 |    931 |   3021 |   7 |  732.4 |
        Temple |     90 |     49 |     41 |      0 |      0 |   1 |   90.0 |
               +--------+--------+--------+--------+--------+-----+--------+

Top non-repeatable levels by time:
     D:4: 1351 daAuts
     D:3: 1044 daAuts
     D:2: 884 daAuts
     D:1: 595 daAuts
     D:5: 544 daAuts
     D:6: 502 daAuts
     D:7: 205 daAuts
  Temple: 90 daAuts
